 Dungeon Crawl Stone Soup version 0.30.0-30-g96aa6591b8 (webtiles) character file.

Game seed: 7998128197204249175

65 Kranky the Poker (level 3, -2/33 HPs)
             Began as a Minotaur Berserker on June 28, 2023.
             Was a Believer of Trog.
             Slain by a gnoll
             ... wielding a +0 halberd
              (11 damage)
             ... on level 2 of the Dungeon.
             The game lasted 00:01:40 (1320 turns).

Kranky the Poker (Minotaur Berserker)               Turns: 1320, Time: 00:01:40

Health: -2/33      AC:  2    Str: 23    XL:     3   Next: 92%
Magic:  2/2        EV: 12    Int:  4    God:    Trog [**....]
Gold:   29         SH:  0    Dex:  9    Spells: 2/2 levels left

rFire   . . .        j - +0 trident
rCold   . . .        (no shield)
rNeg    . . .        b - +0 animal skin
rPois   .            (helmet restricted)
rElec   .            (no cloak)
rCorr   .            (no gloves)
SInv    .            (no boots)
Will    .....        (no amulet)
Stlth   +            (no ring)
HPRegen 0.25/turn    (no ring)
MPRegen 0.08/turn

%: no passive effects
@: no status effects
A: horns 2, retaliatory headbutt
a: Renounce Religion, Berserk, Trog's Hand


You were on level 2 of the Dungeon.
You worshipped Trog.
Trog was pleased with you.
You visited 1 branch of the dungeon, and saw 2 of its levels.

You collected 29 gold pieces.

Inventory:

Hand Weapons
 a - a +0 spear
 j - a +0 trident (weapon)
Missiles
 k - 6 poisoned darts (quivered)
Armour
 b - a +0 animal skin (worn)
Scrolls
 c - a scroll of poison {unknown}
 d - 2 scrolls of immolation {unknown}
 e - a scroll of blinking {unknown}
 g - a scroll of magic mapping {unknown}
 i - 2 scrolls of teleportation {unknown}
Potions
 f - a potion of lignification {unknown}
 h - a potion of haste {unknown}


   Skills:
 + Level 4.2 Fighting
 + Level 4.3 Polearms
 + Level 3.3 Armour
 + Level 3.0 Dodging


You had 2 spell levels left.
You didn't know any spells.
Your spell library was empty.

Dungeon Overview and Level Annotations

Branches:
Dungeon (2/15)

Altars:


Innate Abilities, Weirdness & Mutations

You have a pair of horns on your head.
You reflexively headbutt those who attack you in melee.


Message History

There is a stone staircase leading up here.
The gnoll hits you with a +0 flail.
You climb upwards.
There is a stone staircase leading down here.
You hit the gnoll.
The gnoll is lightly wounded.
The gnoll hits you with a +0 flail.
You hit the gnoll.
The gnoll is heavily wounded.
The gnoll closely misses you.
You completely miss the gnoll.
You headbutt the gnoll, but do no damage.
The gnoll is heavily wounded.
The gnoll hits you but does no damage. The gnoll barely misses you.
You furiously retaliate!
You headbutt the gnoll. You hit the gnoll.
You kill the gnoll!
Trog accepts your kill.
You can now call upon Trog for regeneration and willpower.
Your Dodging skill increases to level 3!
No target in view!
You climb downwards.
There is a stone staircase leading up here.
You reach to attack!
You barely miss the gnoll.
The gnoll hits you from afar with a +0 halberd!
You reach to attack!
You puncture the gnoll!
The gnoll is heavily wounded.
The gnoll hits you from afar with a +0 halberd!
You are too injured to fight recklessly!
You are too injured to fight recklessly!
You are too injured to fight recklessly!
Reach: j) +0 trident
Press: ? - help, Dir - move target, f/p - gnoll
Aim: a gnoll, wielding a +0 halberd (heavily wounded, about 39% to evade your +0 trident)
You reach to attack!
You hit the gnoll.
The gnoll is almost dead.
The gnoll hits you from afar with a +0 halberd!
* * * LOW HITPOINT WARNING * * *
The gnoll hits you from afar with a +0 halberd!
You die...

### ### #.# #.# #.#
#.. #.# #.# #.#
#.### #@# #.#.# # #
#.####.#.#.#.#
#.g.).g..#.#.###
#.#>...........
##.#.###g.#.#.###
#....###.........
#....#......#.##
#....#)##.###.#####
#.................#


You could see a gnoll.

Vanquished Creatures
  3 gnolls
  2 dart slugs (D:1)
  2 ball pythons (D:1)
  4 endoplasms
  A giant cockroach (D:1)
  5 goblins
  2 hobgoblins
  2 jackals (D:1)
  A quokka (D:1)
  2 bats
  2 frilled lizards (D:1)
  4 kobolds
  A rat (D:1)
31 creatures vanquished.

Notes
Turn   | Place    | Note
-------+----------+-------------------------------------------
     0 | D:1      | Kranky the Minotaur Berserker began the quest for the Orb.
     0 | D:1      | Reached XP level 1. HP: 19/19 MP: 0/0
   312 | D:1      | Reached XP level 2. HP: 25/27 MP: 1/1
   913 | D:1      | Reached XP level 3. HP: 28/33 MP: 2/2
  1314 | D:1      | Reached ** piety under Trog
  1320 | D:2      | Slain by a gnoll

Illustrated notes

Levels and vault maps discovered:
D:1:      dpeg_arrival_central, layout_loops_corners
D:2:      layout_basic, minmay_tree_intersection, corexii_leaking_fountain,
          uniq_jessica, uniq_terence

Skill      XL: |  1  2  3 |
---------------+----------+-----
Fighting       | 4 |  4.2
Polearms       | 4 |  4.3
Armour         | 3 |  3.3
Dodging        | 3 |  3.0

Action                     || total
---------------------------++-------
  Melee: Spear             ||    60
         Headbutt          ||     6
         Trident           ||    20
   Stab: Sleeping          ||     3
 Armour: Animal skin       ||     7
  Dodge: Dodged            ||    25
